 Dungeon Crawl Stone Soup version 0.20.1-1-g8b1a95d (webtiles) character file.

2964 slep the Carver (level 9, -6/79 HPs)
             Began as a Barachi Fighter on Oct 31, 2017.
             Was a Believer of the Shining One.
             Mangled by a two-headed ogre
             ... wielding a +0 giant spiked club
              (13 damage)
             ... on level 8 of the Dungeon.
             The game lasted 00:39:10 (5536 turns).

slep the Carver (Barachi Fighter)                   Turns: 5536, Time: 00:39:10

Health: -6/79      AC:  8    Str: 17    XL:     9   Next: 82%
Magic:  9/9        EV: 14    Int: 13    God:    the Shining One [**....]
Gold:   391        SH: 10    Dex: 15    Spells: 8/8 levels left

rFire    . . .     SeeInvis +   a - +0 long sword
rCold    + . .     Gourm    .   c - +0 shield
rNeg     + . .     Faith    .   E - +1 robe of Digealus {rC+ Regen+ Int+4}
rPois    .         Spirit   .   s - +0 helmet
rElec    .         Reflect  .   n - +0 cloak
rCorr    .         Harm     .   (no gloves)
MR       +....     Rnd*Rage +   (no boots)
Stlth    +.........             (no amulet)
Regen    0.7/turn               e - +3 ring of protection
MPRegen  0.2/turn               D - ring of see invisible

@: berserk cooldown, slowed, glowing, very slow
A: +LOS, swims, berserk 1, magic resistance 1, robust 1, slowness 1, strong legs
1
a: Hop, Divine Shield, Renounce Religion


You were on level 8 of the Dungeon.
You worshipped the Shining One.
The Shining One was pleased with you.
You were not hungry.

You visited 2 branches of the dungeon, and saw 9 of its levels.

You collected 391 gold pieces.

Inventory:

Hand Weapons
 a - a +0 long sword (weapon)
 p - a -3 whip
 F - a -3 hunting sling
Missiles
 g - 5 tomahawks (quivered)
Armour
 b - a +0 scale mail
 c - a +0 shield (worn)
 n - a +0 cloak (worn)
 r - a +1 animal skin
 s - a +0 helmet (worn)
 E - the +1 robe of Digealus (worn) {rC+ Regen+ Int+4}
   (You found it on level 7 of the Dungeon)

   It affects your intelligence (+4).
   It protects you from cold.
   It increases your rate of regeneration.
Magical Staves
 G - an uncursed staff of fire
Jewellery
 e - a +3 ring of protection (left hand)
 D - a ring of see invisible (right hand)
Wands
 q - a wand of digging (13/24)
Scrolls
 d - a scroll of fog {unknown}
 h - 2 scrolls of enchant armour {unknown}
 j - 5 scrolls of identify
 k - 4 scrolls of magic mapping {unknown}
 l - 2 scrolls of random uselessness {unknown}
 m - 3 scrolls of remove curse
 o - a scroll of enchant weapon {unknown}
 t - 2 scrolls of fear {unknown}
 w - a scroll of immolation {unknown}
 x - a scroll of recharging {unknown}
 y - a scroll of amnesia {unknown}
Potions
 v - 2 potions of brilliance
 A - a potion of lignification
 B - a potion of ambrosia
Books
 C - a book of Frost

   Spells                             Type                      Level
   a - Freeze                         Ice                          1
   b - Throw Frost                    Conjuration/Ice              2
   c - Ozocubu's Armour               Charms/Ice                   3
   d - Throw Icicle                   Conjuration/Ice              4
   e - Summon Ice Beast               Ice/Summoning                4
Comestibles
 f - 5 bread rations
 i - 2 meat rations
 u - 4 royal jellies
 z - 4 fruits
 I - 3 chunks of flesh


   Skills:
 + Level 7.1 Fighting
 + Level 10.5 Long Blades
 + Level 1.3 Staves
 + Level 4.3 Armour
 + Level 5.7 Dodging
 + Level 2.1 Stealth
 + Level 7.1 Shields


You had 8 spell levels left.
You didn't know any spells.

Dungeon Overview and Level Annotations

Branches:
Dungeon (8/15)             Temple (1/1) D:4
   Lair: D:8-11

Altars:
Ashenzari
Cheibriados
Dithmenos
Elyvilon
Fedhas
Gozag
Hepliaklqana
Kikubaaqudgha
Makhleb
Nemelex Xobeh
Okawaru
Qazlal
Ru
Sif Muna
Trog
Uskayaw
Vehumet
Xom
Yredelemnul
Zin
The Shining One


Innate Abilities, Weirdness & Mutations

Shadows flee at your approach. (+LOS)
You can swim through water.
You cover ground slowly.
You can hop short distances.
You tend to lose your temper in combat.
You are resistant to hostile enchantments. (MR+)
You are robust. (+10% HP)


Message History

The two-headed ogre barely misses you.
It was a potion of berserk rage.
A red film seems to cover your vision as you go berserk!
You feel yourself moving faster!
You feel mighty!
You block the two-headed ogre's attack. x2
You feel a strong urge to attack something.
There is an open door here.
You hear the steady creaking of a distant portcullis.
You feel your anger subside.
You are no longer berserk.
You are exhausted.
You feel yourself slow down.
Throwing (i - inventory):
g - 6 tomahawks (quivered)
Press: ? - help, Shift-Dir - straight line, f - two-headed ogre
Aim: a two-headed ogre, wielding a giant spiked club and a giant club (almost dead, haloed)
You throw a tomahawk. The tomahawk hits the two-headed ogre.
The two-headed ogre is almost dead.
The two-headed ogre misses you.
The two-headed ogre hits you with a giant club!
You die...

.................#...#
.................#...#
.................'...#
.................#...#
.................######
#############.........#
#.......#.........#
#.......#.........#
+.......'..O@.....#
##...####.........# #.
###..........
#.......... #..........
#.(........ #..........
...######## ...#


You could see a two-headed ogre.

Vanquished Creatures
  The ghost of Rutee the Archer, a novice CeHu of Qazlal (D:7)
  The ghost of Echep the Sneak, a novice OpAs of Qazlal (D:4)
  A hippogriff (D:7)
  Eustachio (D:6)
  An ice beast (D:7)
  An orc warrior (D:5)
  A necrophage (D:6)
  2 phantoms (D:5)
  An ogre (D:8)
  2 centaurs
  3 bullfrogs
  A scorpion (D:4)
  A howler monkey (D:6)
  3 crimson imps
  2 bullfrog zombies
  A quasit (D:7)
  2 hounds (D:5)
  A jelly (D:7)
  An orc wizard (D:5)
  Crazy Yiuf (D:2)
  Jessica (D:3)
  7 worker ants
  A killer bee zombie (D:6)
  A hound zombie (D:6)
  2 hound skeletons
  Robin (D:2)
  7 gnolls
  7 adders
  A shadow imp (D:7)
  2 adder skeletons
  4 worms
  A dart slug (D:1)
  2 leopard geckos
  4 orcs
  A ball python (D:8)
  5 giant cockroaches
  10 goblins
  9 hobgoblins
  7 jackals (D:6)
  5 quokkas
  3 bats
  4 frilled lizards
  7 kobolds
  A leopard gecko skeleton (D:4)
  A quokka skeleton (D:7)
  6 rats
  A fungus (D:2)
129 creatures vanquished.

Notes
Turn   | Place    | Note
-------+----------+-------------------------------------------
     0 | D:1      | slep the Barachi Fighter began the quest for the Orb.
     0 | D:1      | Reached XP level 1. HP: 18/18 MP: 1/1
   148 | D:1      | Reached XP level 2. HP: 25/25 MP: 2/2
   597 | D:2      | Noticed Robin
   886 | D:3      | Reached XP level 3. HP: 25/30 MP: 3/3
   912 | D:2      | Reached skill level 3 in Long Blades
   936 | D:2      | Killed Robin
   936 | D:2      | Reached XP level 4. HP: 21/37 MP: 4/4
  1091 | D:2      | Found a runed door.
  1708 | D:2      | Gained mutation: You have a beak for a mouth. [potion of mutation]
  1708 | D:2      | Gained mutation: Your muscles are strong. (Str +2) [potion of mutation]
  1708 | D:2      | Gained mutation: Your muscles are very strong. (Str +4) [potion of mutation]
  1709 | D:2      | Noticed Crazy Yiuf
  1717 | D:2      | Killed Crazy Yiuf
  1717 | D:2      | Reached skill level 1 in Dodging
  1791 | D:3      | Reached XP level 5. HP: 31/42 MP: 5/5
  1912 | D:3      | Reached skill level 4 in Long Blades
  2478 | D:3      | Noticed Jessica
  2488 | D:3      | Killed Jessica
  2580 | D:4      | Noticed Echep's ghost (novice OpAs)
  2581 | D:4      | Found a staircase to the Ecumenical Temple.
  2604 | D:4      | Killed Echep's ghost
  2604 | D:4      | Reached skill level 5 in Long Blades
  2604 | D:4      | Reached skill level 1 in Stealth
  2604 | D:4      | Reached XP level 6. HP: 38/50 MP: 6/6
  2604 | D:4      | Reached XP level 7. HP: 42/55 MP: 7/7
  2609 | Temple   | Entered the Ecumenical Temple
  2765 | Temple   | Became a worshipper of the Shining One
  2933 | D:4      | Lost mutation: Your muscles are very strong. (Str +4) [potion of mutation]
  2933 | D:4      | Lost mutation: Your muscles are strong. (Str +2) [potion of mutation]
  2933 | D:4      | Lost mutation: You have a beak for a mouth. [potion of mutation]
  2933 | D:4      | Gained mutation: You are resistant to hostile enchantments. (MR+) [potion of mutation]
  2933 | D:4      | Gained mutation: You tend to lose your temper in combat. [potion of mutation]
  2933 | D:4      | Gained mutation: You are robust. (+10% HP) [potion of mutation]
  3038 | D:4      | Reached skill level 6 in Long Blades
  3124 | D:4      | Reached skill level 5 in Fighting
  3412 | D:5      | Entered Level 5 of the Dungeon
  3515 | D:5      | Reached skill level 5 in Shields
  3595 | D:5      | Reached skill level 7 in Long Blades
  3617 | D:5      | Reached XP level 8. HP: 65/69 MP: 8/8
  3750 | D:5      | Reached * piety under the Shining One
  4059 | D:6      | Reached skill level 8 in Long Blades
  4275 | D:6      | Noticed Eustachio
  4308 | D:6      | Killed Eustachio
  4350 | D:6      | Reached skill level 9 in Long Blades
  4378 | D:6      | Reached XP level 9. HP: 78/78 MP: 9/9
  4735 | D:7      | Got a steaming robe
  4746 | D:7      | Identified the cursed +1 robe of Digealus {rC+ Regen+ Int+4} (You found it on level 7 of the Dungeon)
  4809 | D:7      | Reached ** piety under the Shining One
  4838 | D:7      | Noticed Rutee's ghost (novice CeHu)
  4857 | D:7      | Killed Rutee's ghost
  4857 | D:7      | Reached skill level 10 in Long Blades
  4857 | D:7      | Reached skill level 5 in Dodging
  5425 | D:8      | Reached skill level 1 in Staves
  5512 | D:8      | Noticed a two-headed ogre
  5529 | D:8      | HP: 3/79 [two-headed ogre/giant spiked club (24)]
  5536 | D:8      | Mangled by a two-headed ogre

Skill      XL: |  1  2  3  4  5  6  7  8  9 |
---------------+----------------------------+-----
Fighting       | 4 5 6 7 |  7.1
Armour         | 4 |  4.3
Long Blades    | 3 5 7 9 10 | 10.5
Dodging        | 1 2 3 4 5 |  5.7
Shields        | 4 5 6 7 |  7.1
Stealth        | 1 2 |  2.1
Staves         | 1 |  1.3

Action                   |  1- 3 |  4- 6 |  7- 9 || total
-------------------------+-------+-------+-------++-------
Melee: Long sword        |    80 |   133 |   339 ||   552
       Peck              |       |    15 |     6 ||    21
       Staff             |       |       |   105 ||   105
Throw: Tomahawk          |       |       |     1 ||     1
  Use: Potion            |       |     4 |     8 ||    12
       Scroll            |       |       |     3 ||     3
 Stab: Distracted        |       |     1 |       ||     1
  Eat: Chunk             |       |     7 |    12 ||    19
Armor: Scale mail        |    58 |     3 |       ||    61
       Animal skin       |       |    31 |    54 ||    85
       Skin              |       |       |    24 ||    24
       Robe              |       |       |    35 ||    35
Dodge: Dodged            |    34 |    42 |   197 ||   273
Block: Shield            |    55 |    52 |   246 ||   353
       Rpst.: Long sword |     8 |    14 |    33 ||    55
